 Dungeon Crawl Stone Soup version 0.32-a0-834-geaf45d8e21 (webtiles) character file.

Game seed: 6335182852682960667

2242 pokeman the Thaumaturge (level 9, -13/49 HPs)
             Began as a Deep Elf Hedge Wizard on Mar 25, 2024.
             Was an Initiate of Vehumet.
             Mangled by an ice beast (14 damage)
             ... on level 7 of the Dungeon.
             The game lasted 00:22:01 (7538 turns).

pokeman the Thaumaturge (Deep Elf Hedge Wizard)     Turns: 7538, Time: 00:22:02

Health: -13/49     AC:  4    Str:  7    XL:     9   Next: 14%
Magic:  23/25      EV: 12    Int: 24    God:    Vehumet [......]
Gold:   439        SH:  0    Dex: 20    Spells: 18/29 levels left

rFire   + . .        C - +2 whip (freeze)
rCold   . . .        (no shield)
rNeg    . . .        D - +2 robe {rF+}
rPois   .            c - +0 hat
rElec   .            (no cloak)
rCorr   .            (no gloves)
SInv    +            (no boots)
Will    .....        I - amulet of magic regeneration
Stlth   +++          e - +6 ring of dexterity
HPRegen 0.28/turn    q - ring of see invisible
MPRegen 0.59/turn

%: no passive effects
@: very slightly contaminated
A: no striking features
a: Renounce Religion


You were on level 7 of the Dungeon.
You worshipped Vehumet.
Vehumet was noncommittal.
You visited 2 branches of the dungeon, and saw 8 of its levels.
You also visited: Sewer.

You collected 439 gold pieces.

Inventory:

Hand Weapons
 C - a +2 whip of freezing (weapon)
Missiles
 z - 3 throwing nets
Armour
 c - a +0 hat (worn)
 D - a +2 robe of fire resistance (worn)
Jewellery
 e - a +6 ring of dexterity (left hand)
 m - an amulet of guardian spirit
 q - a ring of see invisible (right hand)
 r - a +6 ring of dexterity
 I - an amulet of magic regeneration (around neck)
Wands
 B - a wand of mindburst (14)
 J - a wand of charming (4)
Scrolls
 f - 6 scrolls of teleportation {unknown}
 g - 2 scrolls of enchant armour {unknown}
 i - 10 scrolls of identify {unknown}
 l - 2 scrolls of revelation {unknown}
 v - 2 scrolls of vulnerability {unknown}
 w - 2 scrolls of immolation {unknown}
 x - a scroll of fear {unknown}
 y - 2 scrolls of poison {unknown}
 F - a scroll of amnesia {unknown}
 G - a scroll of acquirement {unknown}
 H - 2 scrolls of fog {unknown}
Potions
 a - a potion of resistance {unknown}
 b - a potion of attraction {unknown}
 d - 2 potions of magic
 h - 3 potions of enlightenment {unknown}
 j - 3 potions of curing {unknown}
 k - a potion of brilliance {unknown}
 n - 3 potions of lignification {unknown}
 o - 3 potions of heal wounds {unknown}
 p - a potion of cancellation {unknown}
 s - 3 potions of invisibility {unknown}
 t - 2 potions of might {unknown}
 u - a potion of ambrosia {unknown}
 A - a potion of mutation {unknown}
 E - 2 potions of haste {unknown}


   Skills:
 + Level 2.7 Fighting
 - Level 3.0 Armour
 - Level 3.0 Dodging
 - Level 3.1 Stealth
 * Level 10.9 Spellcasting
 + Level 5.8 Conjurations
 - Level 1.1 Summonings
 - Level 1.1 Translocations
 + Level 5.0 Ice Magic
 - Level 1.0 Air Magic
 - Level 1.0 Alchemy
 + Level 0.2 Evocations


You had 18 spell levels left.
You knew the following spells:

 Your Spells              Type           Power      Damage    Failure   Level
a - Magic Dart            Conj           100%       1d8       1%          1
b - Mephitic Cloud        Conj/Alch/Air  25%        N/A       4%          3
c - Call Imp              Summ           36%        N/A       4%          2
d - Blink                 Tloc           36%        N/A       4%          2
e - Summon Ice Beast      Ice/Summ       27%        N/A       4%          3

Your spell library contained the following spells:

 Spells                   Type           Power      Damage    Failure   Level
 Searing Ray              Conj           82%        2d7       1%          2
 Ozocubu's Armour         Ice            37%        N/A       1%          3
 Slow                     Hex            52%        N/A       4%          1
 Cigotuvi's Dreadful Rot  Necr/Alch/Air  32%        N/A       5%          2
 Volatile Blastmotes      Fire/Tloc      30%        2d12      12%         3
 Fulminant Prism          Conj/Alch      14%        3d8       12%         4
 Passwall                 Erth           13%        N/A       14%         3
 Metabolic Englaciation   Hex/Ice        12%        N/A       43%         5
 Bombard                  Conj/Erth      13%        9d3       91%         6
 Ozocubu's Refrigeration  Ice            18%        4d11      99%         7


Dungeon Overview and Level Annotations

Branches:
Dungeon (7/15)             Temple (1/1) D:6           Sewer (visited)

Altars:
Ashenzari
Cheibriados
Dithmenos
Elyvilon
Fedhas
Gozag
Hepliaklqana
Kikubaaqudgha
Makhleb
Nemelex Xobeh
Okawaru
Qazlal
Ru
Sif Muna
Trog
Vehumet
Wu Jian
Xom
Yredelemnul
Zin
The Shining One


Message History

The bullfrog closely misses you.
The gnoll sergeant is engulfed in noxious fumes.
The gnoll sergeant appears confused.
The gnoll sergeant barely misses you.
The orc is engulfed in noxious fumes.
The orc appears confused.
The orc hits the gnoll sergeant but does no damage.
The gnoll hits you with a +0 club.
The gnoll sergeant is engulfed in noxious fumes.
The gnoll sergeant appears confused.
The orc is engulfed in noxious fumes.
The orc appears confused.
The gnoll closely misses you.
Unknown command.
The gnoll is engulfed in noxious fumes.
The gnoll appears confused.
The gnoll sergeant is engulfed in noxious fumes.
The orc is engulfed in noxious fumes.
The orc appears confused.
The orc hits the orc wizard with a +0 dagger.
You hear the creaking of a portcullis nearby.
The gnoll is engulfed in noxious fumes.
The gnoll appears confused.
The gnoll sergeant is engulfed in noxious fumes.
The gnoll sergeant appears confused.
The orc is engulfed in noxious fumes.
The orc appears confused.
The orc hits the orc wizard with a +0 dagger.
The ice beast attacks as it pursues you!
The ice beast hits you.
* * * LOW HITPOINT WARNING * * *
The ice beast freezes you!
* * * LOW HITPOINT WARNING * * *
Unknown command.
Casting: Mephitic Cloud (dangerous; 4% risk of failure)
Confirm with . or Enter, or press ? or * to list all spells.
You miscast Blink.
You are very lightly contaminated with residual magic.
Nothing appears to happen.
The bullfrog is engulfed in noxious fumes.
The bullfrog appears confused.
The gnoll hits you with a +0 club.
* * * LOW HITPOINT WARNING * * *
The gnoll sergeant is engulfed in noxious fumes.
The orc is engulfed in noxious fumes.
The orc appears confused.
The ice beast hits you.
* * * LOW HITPOINT WARNING * * *
The ice beast freezes you!
You die...

..........'..c.....#
......ooc.#........#
....gggoo.#........#
.###○o§#######'####
##☼°g####.##....##+#
#...○#.........†....
#.g.F#..))..........
#..Yg+..............
#+##@####.##.##....#
.##.##(####.####
.....
...............#
.....
...............#
....
.............).# ...
######...##....#
....####'##....#
.................
..................


You could see an ice beast, a gnoll sergeant (confused), a bullfrog (confused),
a centaur, 2 orc wizards, 5 gnolls and 3 orcs.

Vanquished Creatures
  Pikel (D:4)
  A steam dragon (D:6)
  A centaur (D:6)
  A lemure (D:4)
  A phantom (D:5)
  2 bullfrogs
  A scorpion (D:4)
  2 bombardier beetles (D:5)
  A crimson imp (D:4)
  A jelly (D:6)
  5 hounds
  A sleepcap (D:6)
  5 iguanas
  11 gnolls
  14 adders
  4 river rats (Sewer)
  2 white imps
  A ribbon worm (D:3)
  2 dart slugs (D:2)
  11 orcs
  18 ball pythons
  15 endoplasms
  5 giant cockroaches
  2 goblins (D:1)
  5 hobgoblins
  15 jackals
  6 quokkas
  7 bats
  2 frilled lizards
  A goblin skeleton (D:4)
  A goblin zombie (D:4)
  4 hobgoblin zombies (D:4)
  15 kobolds
  A kobold skeleton (D:4)
  A kobold zombie (D:4)
  An orc skeleton (D:4)
  23 rats
190 creatures vanquished.

Vanquished Creatures (collateral kills)
  A water moccasin (D:6)
  A bullfrog (Sewer)
  A scorpion (D:5)
  A gnoll bouda (D:6)
  A hound (D:6)
  A jelly (D:6)
  An iguana (D:4)
  2 orc wizards (D:6)
  3 gnolls
  5 orcs
  An endoplasm (Sewer)
  A rat (Sewer)
19 creatures vanquished.

Vanquished Creatures (others)
  A human (D:5)
1 creature vanquished.

Grand Total: 210 creatures vanquished

Notes
Turn   | Place    | Note
-------+----------+-------------------------------------------
     0 | D:1      | pokeman the Deep Elf Hedge Wizard began the quest for the
                  | Orb.
     0 | D:1      | Reached XP level 1. HP: 10/10 MP: 7/7
   279 | D:1      | Reached XP level 2. HP: 16/16 MP: 6/9
   782 | D:1      | Reached skill level 5 in Spellcasting
  1263 | D:2      | Reached XP level 3. HP: 18/20 MP: 7/11
  1270 | D:2      | Learned a level 3 spell: Mephitic Cloud
  1273 | D:2      | Learned a level 2 spell: Call Imp
  1276 | D:2      | Learned a level 2 spell: Blink
  1531 | D:2      | Reached skill level 1 in Armour
  1684 | D:2      | Reached skill level 1 in Fighting
  1694 | D:2      | Reached XP level 4. HP: 18/25 MP: 3/13
  2697 | D:3      | Reached skill level 6 in Spellcasting
  2740 | D:2      | Reached XP level 5. HP: 19/29 MP: 0/15
  3251 | D:3      | Got the Handbook of Frost
  3256 | D:3      | Learned a level 3 spell: Summon Ice Beast
  3381 | D:3      | Found a hazy altar of Hepliaklqana.
  3434 | D:3      | Found a white marble altar of Elyvilon.
  3464 | D:3      | Reached skill level 1 in Alchemy
  3671 | D:4      | Reached skill level 1 in Air Magic
  3859 | D:4      | Reached XP level 6. HP: 34/34 MP: 14/17
  3876 | D:4      | Reached skill level 1 in Ice Magic
  3961 | D:4      | Found a glowing drain.
  3967 | Sewer    | Entered a sewer
  4207 | Sewer    | Reached skill level 7 in Spellcasting
  4560 | Sewer    | Reached XP level 7. HP: 16/40 MP: 10/20
  4918 | D:4      | Found a bloodstained altar of Trog.
  5105 | D:4      | Noticed Pikel
  5110 | D:4      | Reached skill level 8 in Spellcasting
  5140 | D:4      | Killed Pikel
  5141 | D:4      | Reached skill level 9 in Spellcasting
  5141 | D:4      | Reached XP level 8. HP: 22/44 MP: 9/23
  5251 | D:4      | Found a glowing golden altar of the Shining One.
  5494 | D:4      | Found a blossoming altar of Fedhas.
  5694 | D:5      | Entered Level 5 of the Dungeon
  5996 | D:5      | Found an ancient bone altar of Kikubaaqudgha.
  6283 | D:5      | Reached skill level 5 in Conjurations
  6615 | D:6      | Reached skill level 10 in Spellcasting
  6897 | D:6      | Found a staircase to the Ecumenical Temple.
  6906 | Temple   | Entered the Ecumenical Temple
  6910 | Temple   | Became a worshipper of Vehumet
  7060 | D:6      | Reached XP level 9. HP: 31/49 MP: 25/25
  7427 | D:7      | Reached skill level 5 in Ice Magic
  7538 | D:7      | HP: 2/49 [gnoll/+0 club[a gnoll sergeant] (3)]
  7538 | D:7      | Mangled by an ice beast

Illustrated notes

Levels and vault maps discovered:
D:1:      ncdulo_lavacross, layout_loops_ring, serial_glass, glass_columns_a,
          glass_columns_a, glass_columns_c, glass_columns_b, glass_columns_a,
          glass_columns_c, glass_columns_c, glass_columns_a, chequers_arboretum,
          minmay_small_reverse_x
D:2:      layout_basic
D:3:      layout_rooms, mainiacjoe_overflow_two_lobes, minivault_27
D:4:      layout_rooms, nicolae_tso_besieged_by_evil,
          mainiacjoe_overflow_cross_hatched, trog_hazing_becter,
          gup_sewer_entry_bubbles, minmay_crystal_room, uniq_pikel
D:5:      layout_basic, tgw_kikubaaqudgha
D:6:      layout_cave_pools, minmay_temple_entry_slanted
D:7:      layout_gridville, enter_bailey_2
Temple:   hellmonk_temple_two_chambers

Skill      XL: |  1  2  3  4  5  6  7  8  9 |
---------------+----------------------------+-----
Spellcasting   | 5 6 7 9 10 | 10.9
Conjurations   | 2 3 4 5 |  5.8
Armour         | 1 2 3 |  3.0
Fighting       | 1 2 |  2.7
Dodging        | 3 |  3.0
Alchemy        | 1 |  1.0
Air Magic      | 1 |  1.0
Stealth        | 3 |  3.1
Ice Magic      | 2 3 4 5 |  5.0
Summonings     | |  1.1
Translocations | |  1.1
Evocations     | |  0.2

Action                     |  1- 3 |  4- 6 |  7- 9 || total
---------------------------+-------+-------+-------++-------
  Melee: Dagger            |    10 |    42 |    26 ||    78
         Whip              |       |       |    84 ||    84
   Cast: Magic Dart        |    90 |   191 |   173 ||   454
         Mephitic Cloud    |     1 |    11 |    17 ||    29
         Call Imp          |       |     5 |     2 ||     7
         Summon Ice Beast  |       |       |     7 ||     7
   Stab: Confused          |     2 |     7 |    27 ||    36
         Distracted        |       |       |     2 ||     2
 Armour: Robe              |    14 |    65 |    89 ||   168
  Dodge: Dodged            |     8 |    71 |    99 ||   178

Table legend: (Time is in decaauts)
 A = Elapsed time spent in this place.
 B = Non-inter-level travel time spent in this place.
 C = Inter-level travel time spent in this place.
 D = Time resting spent in this place.
 E = Time spent auto-exploring this place.
 F = Levels seen in this place.
 G = Mean time per level.
                   A        B        C        D        E       F      G
               +--------+--------+--------+--------+--------+-----+--------+
         Total |   7613 |   7466 |    147 |     96 |   6142 |   9 |  845.9 |
       Dungeon |   6857 |   6710 |    147 |     96 |   5538 |   7 |  979.6 |
        Temple |      8 |      8 |      0 |      0 |      0 |   1 |    8.0 |
         Sewer |    746 |    746 |      0 |      0 |    604 |   1 |  746.0 |
               +--------+--------+--------+--------+--------+-----+--------+

Top non-repeatable levels by time:
     D:4: 1362 daAuts
     D:2: 1353 daAuts
     D:1: 1235 daAuts
     D:3: 1072 daAuts
     D:5: 897 daAuts
     D:6: 782 daAuts
   Sewer: 746 daAuts
     D:7: 152 daAuts
  Temple: 8 daAuts
